 Dungeon Crawl Stone Soup version 0.31-b1-17-gcfd88c8481 (webtiles) character file.

Game seed: 1567068142413922354

2688 Strat the Fighter (level 9, -10/89 (102) HPs)
             Began as an Oni Warper on Jan 15, 2024.
             Was a Believer of Okawaru.
             Mangled by a wight
             ... wielding a +4 falchion
              (14 damage)
             ... on level 8 of the Dungeon on Jan 16, 2024.
             The game lasted 00:23:09 (10313 turns).

Strat the Fighter (Oni Warper)                     Turns: 10313, Time: 00:23:09

HP:   -10/89 (102)  AC:  4    Str: 19    XL:     9   Next: 64%
MP:   30/30         EV:  9    Int: 16    God:    Okawaru [**....]
Gold: 325           SH:  0    Dex:  8    Spells: 5/12 levels left

rFire   + . .        a - +1 flail (freeze)
rCold   . . .        (no shield)
rNeg    . . .        o - +1 robe
rPois   +            (helmet restricted)
rElec   .            (no cloak)
rCorr   .            (gloves unavailable)
SInv    .            (boots unavailable)
Will    +....        (no amulet)
Stlth   +            p - ring of magical power
HPRegen 0.34/turn    s - ring "Tacomus" {rPois rF+ Will+ MP+9}
MPRegen 0.22/turn

%: no passive effects
@: about to teleport, heavily drained
A: large, unfitting armour, horns 1, tough skin 1, double potion healing,
drunken brawling
a: Renounce Religion, Heroism


You were on level 8 of the Dungeon.
You worshipped Okawaru.
Okawaru was pleased with you.
You visited 2 branches of the dungeon, and saw 9 of its levels.

You collected 440 gold pieces.
You spent 115 gold pieces at shops.

Inventory:

Hand Weapons
 a - a +1 flail of freezing (weapon)
 b - a +0 morningstar of freezing
Missiles
 d - 7 darts of dispersal
 e - 6 silver javelins
 l - 8 poisoned darts (quivered)
 v - 3 datura-tipped darts
Armour
 n - a +0 kite shield
 o - a +1 robe (worn)
Jewellery
 p - a ring of magical power (left hand)
 s - the ring "Tacomus" (right hand) {rPois rF+ Will+ MP+9}
   (You found it on level 6 of the Dungeon)

   [ring of magical power]

   rF+:       It protects you from fire.
   rPois:     It protects you from poison Will+: It increases your willpower.
   MP+9:      It affects your magic capacity (+9).
 w - a ring of fire
Wands
 f - a wand of roots (9)
 r - a wand of mindburst (15)
 u - a wand of flame (15)
Scrolls
 c - a scroll of fog
 g - 3 scrolls of identify
 h - a scroll of brand weapon
 k - 2 scrolls of teleportation
Potions
 i - 2 potions of attraction
 j - a potion of enlightenment
 m - a potion of lignification
 q - a potion of mutation
 t - a potion of resistance


   Skills:
 + Level 10.7 Fighting
 * Level 10.2 Maces & Flails
 + Level 1.8 Throwing
 - Level 2.1 Dodging
 - Level 2.4 Spellcasting
 - Level 2.6 Translocations


You had 5 spell levels left.
You knew the following spells:

 Your Spells              Type           Power      Damage    Failure   Level
a - Blink                 Tloc           20%        N/A       10%         2
b - Lesser Beckoning      Tloc           20%        N/A       10%         2
c - Teleport Other        Tloc           10%        N/A       21%         3

Your spell library contained the following spells:

 Spells                   Type           Power      Damage    Failure   Level
 Ensorcelled Hibernation  Hex/Ice        2%         N/A       30%         2
 Passwall                 Erth           1%         N/A       52%         3
 Swiftness                Air            1%         N/A       52%         3
 Manifold Assault         Tloc           10%        N/A       54%         4
 Vhi's Electric Charge    Tloc/Air       12%        N/A       75%         4


Dungeon Overview and Level Annotations

Branches:
Dungeon (8/15)             Temple (1/1) D:5            Lair (0/5) D:8

Altars:
Ashenzari
Cheibriados
Dithmenos
Elyvilon
Fedhas
Gozag
Kikubaaqudgha
Nemelex Xobeh
Okawaru
Qazlal
Ru
Sif Muna
Trog
Uskayaw
Vehumet
Wu Jian
Yredelemnul
Zin
The Shining One

Shops:
D:4 *

Annotations:
D:3 1 runed translucent door, Grinder; Ijyb; hawla's ghost, amateur DEFE
D:4 Sigmund
D:8 Maggie; Maurice


Innate Abilities, Weirdness & Mutations

You are too large for most types of armour.
You have a pair of small horns on your head.
You have tough skin. (AC +1)
You gain doubled healing and magic from potions.
Whenever you drink a healing potion, you attack all around you.


Message History

a yak corpse; a yak corpse You start resting.
An orc priest comes into view. It is wielding a +0 short sword.
You start resting.
HP restored.
There is a stone staircase leading down here.
A wight is nearby!
You closely miss the wight. The wight hits you with a +4 falchion!
You feel drained.
You hit the wight but do no damage. Your headbutt misses the wight.
The wight hits you with a +4 falchion!
You feel drained.
You barely miss the wight. You sock the wight!
The wight is heavily damaged.
The wight hits you with a +4 falchion!
* * * LOW HITPOINT WARNING * * *
You feel drained.
* * * LOW HITPOINT WARNING * * *
You hit the wight but do no damage.
You headbutt the wight, but do no damage.
The wight is heavily damaged.
The wight hits you with a +4 falchion!
* * * LOW HITPOINT WARNING * * *
You feel drained.
* * * LOW HITPOINT WARNING * * *
Aiming: Mindburst
Press: ? - help, Shift-Dir - straight line, f - wight
Aim: a wight, wielding a +4 falchion and wearing a +0 plate armour (heavily damaged, chance to affect: 64%)
The wight struggles to resist.
The wight hits you with a +4 falchion!
* * * LOW HITPOINT WARNING * * *
Unknown command.
As you read the scroll of teleportation, it crumbles to dust.
You feel strangely unstable. The wight hits you with a +4 falchion!
* * * LOW HITPOINT WARNING * * *
The wight attacks as it pursues you! The wight hits you with a +4 falchion!
* * * LOW HITPOINT WARNING * * *
You feel drained.
* * * LOW HITPOINT WARNING * * *
The wight attacks as it pursues you! The wight hits you with a +4 falchion!
You die...

..#..........# #.##
..####.......# #.#
..####.......# #.#
.............# #.#
.##################.#
#.## #.......#.#
##.## #.......#.#
#..# #.####..#.#
##..#######.##.z@...#
#.#........z.z.#..###
.##########.####..#
## #.......# #####
#......## ....##
######## .....#
#.#..# ..#..#


You could see 3 wights.

Vanquished Creatures
  A two-headed ogre (D:8)
  3 yaks
  A water moccasin (D:7)
  A black bear (D:5)
  An ogre (D:6)
  A centaur (D:6)
  A phantom (D:6)
  5 scorpions
  4 wights
  An electric eel (D:7)
  A howler monkey (D:6)
  3 bombardier beetles
  2 hounds (D:6)
  5 orc priests
  A jelly (D:6)
  4 iguanas
  2 orc wizards
  Robin (D:3)
  3 adders (D:6)
  7 ufetubi
  3 dart slugs
  20 orcs
  5 endoplasms
  A giant cockroach (D:1)
  18 goblins
  12 hobgoblins
  4 jackals
  4 quokkas
  7 ball pythons
  10 bats
  A frilled lizard (D:2)
  5 kobolds
  5 rats
143 creatures vanquished.

Notes
Turn   | Place    | Note
-------+----------+-------------------------------------------
     0 | D:1      | Strat the Oni Warper began the quest for the Orb.
     0 | D:1      | Reached XP level 1. HP: 22/22 MP: 3/3
   153 | D:1      | Reached XP level 2. HP: 29/29 MP: 5/5
   179 | D:1      | Learned a level 2 spell: Blink
   182 | D:1      | Learned a level 2 spell: Lesser Beckoning
   502 | D:1      | Found a faded altar of an unknown god.
   639 | D:1      | Reached XP level 3. HP: 36/36 MP: 6/6
  1819 | D:3      | Noticed Robin
  2051 | D:3      | Noticed Ijyb
  2132 | D:3      | Noticed hawla's ghost (amateur DEFE)
  2135 | D:3      | Found a runed translucent door.
  2224 | D:3      | Noticed Grinder
  2241 | D:3      | Paralysed by Grinder for 5 turns
  2267 | D:4      | Reached XP level 4. HP: 18/45 MP: 7/7
  2572 | D:4      | Learned a level 3 spell: Teleport Other
  2617 | D:3      | Found a sacrificial altar of Ru.
  2716 | D:3      | Found a basalt altar of Yredelemnul.
  2724 | D:3      | Found a hide-covered altar of Uskayaw.
  2727 | D:3      | Found a blossoming altar of Fedhas.
  2730 | D:3      | Found a glowing silver altar of Zin.
  3103 | D:3      | Killed Robin
  3104 | D:3      | Reached XP level 5. HP: 44/54 MP: 8/8
  3451 | D:4      | Found Luodamm's Assorted Antiques.
  3987 | D:4      | Found a shimmering blue altar of Sif Muna.
  4095 | D:4      | Noticed Sigmund
  4149 | D:4      | Bought a potion of heal wounds for 115 gold pieces
  4200 | D:4      | Reached skill level 5 in Fighting
  4200 | D:4      | Reached skill level 5 in Maces & Flails
  4200 | D:4      | Reached XP level 6. HP: 65/66 MP: 9/9
  4657 | D:5      | Entered Level 5 of the Dungeon
  4657 | D:5      | Noticed a black bear
  4908 | D:5      | Killed a black bear
  5078 | D:5      | Found a radiant altar of Vehumet.
  5116 | D:5      | Reached XP level 7. HP: 75/75 MP: 10/10
  5159 | D:5      | Found the +7 staff of the Meek {protect, meekguard}
  5989 | D:5      | Found a staircase to the Ecumenical Temple.
  5995 | Temple   | Entered the Ecumenical Temple
  6010 | Temple   | Became a worshipper of Warmaster Okawaru
  6417 | D:6      | Reached XP level 8. HP: 68/87 MP: 11/11
  6643 | D:6      | Found an ornate altar of the Wu Jian Council.
  6644 | D:6      | Found a shadowy altar of Dithmenos.
  7339 | D:6      | Identified the ring "Tacomus" {rPois rF+ Will+ MP+9}
  7355 | D:6      | Reached * piety under Okawaru
  8844 | D:7      | Reached XP level 9. HP: 26/96 MP: 12/12
  9406 | D:8      | Noticed a two-headed ogre
  9437 | D:8      | Killed a two-headed ogre
  9437 | D:8      | Reached ** piety under Okawaru
  9438 | D:8      | Reached skill level 10 in Fighting
  9438 | D:8      | Reached skill level 10 in Maces & Flails
  9693 | D:8      | Noticed a troll
  9694 | D:8      | Found a staircase to the Lair.
  9697 | D:8      | Noticed Maggie
  9705 | D:8      | Noticed Maurice
 10312 | D:8      | HP: 3/89 [wight/+4 falchion (4)]
 10313 | D:8      | Mangled by a wight

Illustrated notes

Levels and vault maps discovered:
D:1:      lemuel_arrival_room, layout_rooms, ebering_ecumenical_altar_petrified,
          hangedman_glass_teeth, st_stairs_2
D:2:      layout_basic, chequers_serial_rivers_small_3
D:3:      layout_loops_ring, mainiacjoe_overflow_chevrons,
          nicolae_overflow_macrodata_refinement, hellmonk_ghost_happy_afterlife,
          minmay_misc_feat_tower, minmay_quadrilaterals, uniq_robin,
          uniq_grinder, uniq_ijyb
D:4:      layout_rooms, nicolae_sif_muna_little_library, serial_shops, shop,
          grunt_ministairs_9, minivault_11, uniq_sigmund
D:5:      layout_basic, mainiacjoe_overflow_alcove_4,
          minmay_temple_entry_enclosed_plants
D:6:      layout_basic, mainiacjoe_overflow_divided_tiny, serial_rivers,
          chequers_serial_rivers_room_b, chequers_serial_rivers_small_b,
          chequers_serial_rivers_micro_d, chequers_serial_rivers_marsh,
          kennysheep_generic_room_3
D:7:      layout_layer_cave, serial_bayou, serial_bayou_shore_b,
          serial_bayou_pond_b, serial_bayou_ford_a, serial_bayou_pond_d
D:8:      layout_loops_cross, erik_lair_island, amcnicky_mini_corridor_feature,
          uniq_maurice, uniq_maggie, uniq_joseph
Temple:   chequers_temple_sunken

Skill      XL: |  1  2  3  4  5  6  7  8  9 |
---------------+----------------------------+-----
Maces & Flails | 3 4 5 6 7 9 10 | 10.2
Fighting       | 3 4 5 6 7 9 10 | 10.7
Throwing       | |  1.8
Dodging        | |  2.1
Spellcasting   | |  2.4
Translocations | |  2.6

Action                     |  1- 3 |  4- 6 |  7- 9 || total
---------------------------+-------+-------+-------++-------
  Melee: Mace              |   138 |    27 |       ||   165
         Headbutt          |    10 |    25 |    35 ||    70
         Punch             |     2 |       |     3 ||     5
         Flail             |       |   126 |   168 ||   294
  Throw: Stone             |    12 |       |       ||    12
         Dart              |       |     2 |     3 ||     5
   Cast: Blink             |       |     1 |       ||     1
         Teleport Other    |       |     1 |       ||     1
  Evoke: Wand              |       |       |    15 ||    15
    Use: Potion            |     5 |     2 |     1 ||     8
         Scroll            |     1 |     8 |    13 ||    22
 Armour: Robe              |   137 |   144 |   161 ||   442
         Skin              |    33 |     3 |       ||    36
  Dodge: Dodged            |    89 |    69 |    87 ||   245
